 Dungeon Crawl Stone Soup version 0.23-a0-582-g1b4a0ca2fb (webtiles) character file.

8656 Maize the Cleaver (level 11, -1/98 (101) HPs)
             Began as a Minotaur Fighter on Dec 16, 2018.
             Was a High Priest of Okawaru.
             Slain by an unseen horror (8 damage)
             ... on level 8 of the Dungeon on Dec 19, 2018.
             The game lasted 00:17:12 (8469 turns).

Maize the Cleaver (Minotaur Fighter)                Turns: 8469, Time: 00:17:12

HP:   -1/98 (101)   AC: 15    Str: 28    XL:     11   Next: 12%
MP:   10/10         EV:  9    Int:  5    God:    Okawaru [*****.]
Gold: 581           SH:  0    Dex: 10    Spells: 10/10 levels left

rFire    . . .     SeeInvis .   a - +1 war axe
rCold    . . .     Gourm    .   (no shield)
rNeg     . . .     Faith    .   h - +0 chain mail
rPois    +         Spirit   .   (helmet restricted)
rElec    .         Reflect  .   A - +2 cloak
rCorr    .         Harm     .   (no gloves)
MR       .....                  (no boots)
Stlth    ..........             F - amulet of regeneration
HPRegen  0.66/turn              e - +4 ring of strength
MPRegen  0.12/turn              G - ring of poison resistance

@: no status effects
A: retaliatory headbutt, horns 2
a: Heroism, Finesse, Renounce Religion


You were on level 8 of the Dungeon.
You worshipped Okawaru.
Okawaru was extremely pleased with you.
You were not hungry.

You visited 2 branches of the dungeon, and saw 9 of its levels.

You collected 581 gold pieces.

Inventory:

Hand Weapons
 a - a +1 war axe (weapon)
Armour
 h - a +0 chain mail (worn)
 r - a +1 ring mail of cold resistance
 A - a +2 cloak (worn)
Jewellery
 e - a +4 ring of strength (left hand)
 t - an uncursed ring of fire
 y - an uncursed amulet of guardian spirit
 F - an amulet of regeneration (around neck)
 G - a ring of poison resistance (right hand)
 I - an uncursed ring of protection from cold
Wands
 b - a wand of digging (10)
 z - a wand of random effects (17)
 B - a wand of enslavement (9)
 D - a wand of acid (19)
 H - a wand of flame (13)
Scrolls
 j - 5 scrolls of enchant weapon
 k - 2 scrolls of immolation {unknown}
 l - a scroll of teleportation
 o - a scroll of random uselessness {unknown}
 s - 2 scrolls of fog
 u - 2 scrolls of identify {unknown}
 v - a scroll of amnesia {unknown}
 x - a scroll of fear {unknown}
 C - 2 scrolls of remove curse
 J - a scroll of torment {unknown}
Potions
 c - 3 potions of curing
 d - a potion of might
 g - 2 potions of cancellation {unknown}
 i - 3 potions of haste {unknown}
 m - a potion of lignification {unknown}
 n - a potion of agility {unknown}
 p - 2 potions of heal wounds {unknown}
 q - 2 potions of berserk rage {unknown}
 E - 3 potions of brilliance {unknown}
Comestibles
 f - 16 rations
 w - 3 chunks of flesh


   Skills:
 + Level 10.9 Fighting
 * Level 14.2 Axes
 + Level 10.9 Armour
   Level 3.6 Shields


You had 10 spell levels left.
You didn't know any spells.
Your spell library was empty.

Dungeon Overview and Level Annotations

Branches:
Dungeon (8/15)             Temple (1/1) D:5
   Lair: D:8-11

Altars:
Ashenzari
Cheibriados
Dithmenos
Hepliaklqana
Nemelex Xobeh
Okawaru
Qazlal
Vehumet
Wu Jian
Yredelemnul
The Shining One

Shops:
D:4 [   D:5 (   D:7 [*


Innate Abilities, Weirdness & Mutations

You reflexively headbutt those who attack you in melee.
You have a pair of horns on your head.


Message History

Something hits you but does no damage. Something hits you.
* * * LOW HITPOINT WARNING * * *
Something hits you but does no damage. Something hits you but does no damage.
Something hits you but does no damage. x2
Something hits you!
* * * LOW HITPOINT WARNING * * *
Something hits you but does no damage. Something hits you.
* * * LOW HITPOINT WARNING * * *
Something hits you but does no damage. Something hits you but does no damage.
Something hits you but does no damage. Something hits you but does no damage.
Something hits you.
* * * LOW HITPOINT WARNING * * *
Something hits you but does no damage. Something hits you but does no damage.
Something hits you but does no damage. Something hits you!
You die...

#..##'###)## ######
##.##.###..### #....#
#(##.........
####.#####.##.........
#.##)##.##.##.#.......
#....÷...'.##.#......≈
#.##.##.##.##.#....≈≈≈
####.#####.##'#.≈≈≈≈≈≈
#.{@# #..[.....≈≈≈≈
##.## #........≈≈≈≈
#.# #.........≈≈§ .).
#..........≈≈ ##.#
#...........≈ #.#
#...........≈ /..
#............ ##
#.####....... #..
#.......


There were no monsters in sight!

Vanquished Creatures
  A two-headed ogre (D:7)
  Pikel (D:5)
  2 cyclopes (D:7)
  2 centaur zombies (D:7)
  5 centaur skeletons
  2 hellwings (D:7)
  Prince Ribbit (D:6)
  A hippogriff (D:8)
  A meliai zombie (D:7)
  A wyvern (D:7)
  A human (D:7)
  Eustachio (D:4)
  4 hogs (D:7)
  A hungry ghost (D:7)
  Menkaure (D:4)
  Edmund (D:4)
  3 sky beasts (D:7)
  2 ice beasts
  A black bear (D:6)
  2 slaves (D:5)
  2 phantoms
  A necrophage (D:8)
  2 ogres
  2 centaurs (D:5)
  Blork the orc (D:4)
  2 bullfrogs
  3 scorpions
  2 howler monkeys
  2 crimson imps
  A quasit (D:7)
  Crazy Yiuf (D:4)
  2 hounds
  4 orc priests
  An iguana (D:5)
  3 orc wizards
  4 worker ants
  A hound skeleton (D:5)
  10 adders
  13 gnolls
  5 shadow imps
  2 oozes
  A worm (D:4)
  9 dart slugs
  6 leopard geckos
  30 orcs
  6 giant cockroaches
  6 goblins
  5 hobgoblins
  8 jackals
  6 kobolds
  3 quokkas
  A ball python (D:7)
  11 bats
  7 frilled lizards
  A jackal skeleton (D:4)
  A quokka zombie (D:5)
  A rat (D:2)
200 creatures vanquished.

Notes
Turn   | Place    | Note
-------+----------+-------------------------------------------
     0 | D:1      | Maize the Minotaur Fighter began the quest for the Orb.
     0 | D:1      | Reached XP level 1. HP: 19/19 MP: 0/0
    76 | D:1      | Reached XP level 2. HP: 27/27 MP: 1/1
    77 | D:1      | Reached skill level 3 in Axes
   800 | D:2      | Reached XP level 3. HP: 33/33 MP: 2/2
  1013 | D:2      | Reached skill level 4 in Axes
  1335 | D:3      | Reached XP level 4. HP: 40/40 MP: 3/3
  1950 | D:3      | Reached XP level 5. HP: 47/47 MP: 4/4
  1994 | D:3      | Reached skill level 5 in Axes
  2228 | D:4      | Found Opnainis's Armour Boutique.
  2243 | D:4      | Noticed a phantom
  2257 | D:4      | Reached skill level 5 in Fighting
  2273 | D:4      | Killed a phantom
  2273 | D:4      | Reached skill level 5 in Armour
  2273 | D:4      | Reached XP level 6. HP: 49/56 MP: 5/5
  2338 | D:4      | Noticed Blork the orc
  2348 | D:4      | Killed Blork the orc
  2348 | D:4      | Reached skill level 6 in Axes
  2527 | D:4      | Found a stormy altar of Qazlal.
  2543 | D:4      | Found an iron altar of Okawaru.
  2544 | D:4      | Found a hazy altar of Hepliaklqana.
  2548 | D:4      | Found an ornate altar of the Wu Jian Council.
  2551 | D:4      | Became a worshipper of Warmaster Okawaru
  2820 | D:4      | Found a radiant altar of Vehumet.
  2832 | D:4      | Noticed Edmund
  2845 | D:4      | Killed Edmund
  2845 | D:4      | Reached XP level 7. HP: 41/62 MP: 6/6
  2988 | D:4      | Reached skill level 7 in Axes
  2999 | D:4      | Noticed Eustachio
  2999 | D:4      | Noticed Menkaure
  3054 | D:4      | Killed Eustachio
  3054 | D:4      | Reached * piety under Okawaru
  3261 | D:4      | Killed Menkaure
  3521 | D:4      | Found a runed door.
  3526 | D:4      | Noticed Crazy Yiuf
  3532 | D:4      | Killed Crazy Yiuf
  3595 | D:5      | Entered Level 5 of the Dungeon
  3597 | D:5      | Reached skill level 8 in Axes
  3629 | D:5      | Found a staircase to the Ecumenical Temple.
  3827 | D:5      | Found a shattered altar of Ashenzari.
  3835 | D:5      | Reached XP level 8. HP: 40/71 MP: 7/7
  4141 | D:5      | Reached ** piety under Okawaru
  4166 | D:5      | Reached skill level 9 in Axes
  4459 | D:5      | Noticed Pikel
  4502 | D:5      | Killed Pikel
  4580 | D:5      | Found Reulugon's Antique Weapon Shop.
  5197 | Temple   | Entered the Ecumenical Temple
  5226 | D:6      | Reached skill level 10 in Axes
  5309 | D:6      | Reached XP level 9. HP: 81/81 MP: 8/8
  5552 | D:6      | Noticed Prince Ribbit
  5705 | D:6      | Killed Prince Ribbit
  6072 | D:7      | Reached *** piety under Okawaru
  6321 | D:7      | Found Ruah Meh's Mass Market.
  6348 | D:7      | Reached skill level 11 in Axes
  6358 | D:7      | Found Xesmill's Antique Armour Boutique.
  6375 | D:7      | Noticed a hellwing
  6688 | D:7      | Noticed a cyclops
  6703 | D:7      | Killed a cyclops
  6906 | D:7      | Reached **** piety under Okawaru
  6924 | D:7      | Reached skill level 12 in Axes
  6943 | D:7      | Noticed a two-headed ogre
  6943 | D:7      | Noticed a cyclops
  6956 | D:7      | Killed a two-headed ogre
  6956 | D:7      | Reached XP level 10. HP: 39/91 MP: 7/9
  6962 | D:7      | Killed a cyclops
  7152 | D:7      | Reached ***** piety under Okawaru
  7170 | D:7      | Received a gift from Okawaru
  7170 | D:7      | Reached skill level 10 in Fighting
  7201 | D:7      | Reached skill level 10 in Armour
  7216 | D:7      | Reached skill level 13 in Axes
  7648 | D:7      | Reached XP level 11. HP: 70/101 MP: 10/10
  7650 | D:7      | Reached skill level 14 in Axes
  8460 | D:8      | HP: 3/98 [something (8)]
  8465 | D:8      | HP: 4/98 [something (1)]
  8469 | D:8      | Slain by an unseen horror

Vault maps used:
D:1:      dpeg_arrival_water_fire, hex_tiny
D:2:      first_ration, minmay_tall_x
D:3:      kennysheep_slugbush, serial_bayou_pond_d
D:4:      minitemple, lemuel_doored_altar, serial_shops,
          nicolae_shop_temple_entry_statues_fountains, uniq_blork_the_orc,
          uniq_crazy_yiuf_cottage, uniq_menkaure, uniq_eustachio, uniq_edmund
D:5:      minmay_temple_entry_wispy, serial_shops,
          nicolae_shop_temple_entry_statues_fountains, basic_altar, uniq_pikel
D:6:      abandoned_shop, uniq_prince_ribbit1
D:7:      cheibrodos_grave_circle, serial_shops, shop, grunt_livestock,
          minmay_shop_mass, minmay_shattered_shrine
D:8:      hangedman_cross_veins, grunt_temple_overflow_gold_and_silver,
          serial_shops, shop, lemuel_old_faithful
Temple:   eino_temple_lava

Skill      XL: |  1  2  3  4  5  6  7  8  9 10 11 |
---------------+----------------------------------+-----
Axes           | 3 4 5 6 8 10 12 13 14 | 14.2
Armour         | 4 5 6 7 9 10 | 10.9
Fighting       | 4 5 6 8 9 10 | 10.9
Shields        | |  3.6

Action                   |  1- 3 |  4- 6 |  7- 9 | 10-12 || total
-------------------------+-------+-------+-------+-------++-------
Melee: War axe           |    80 |   113 |   279 |   136 ||   608
       Headbutt          |    12 |    19 |    47 |    42 ||   120
       Punch             |       |       |     1 |       ||     1
Invok: Heroism           |       |       |     2 |       ||     2
  Use: Scroll            |       |     1 |     4 |       ||     5
  Eat: Chunk             |     1 |     5 |    15 |     6 ||    27
Armor: Scale mail        |    62 |     3 |       |       ||    65
       Chain mail        |       |    50 |   144 |   348 ||   542
Dodge: Dodged            |    44 |    59 |   113 |   143 ||   359

Table legend:
 A = Non-vault XP
 B = Vault XP
 C = Vault XP percentage of total XP
 D = Non-vault monster count
 E = Vault monster count
 F = Vault count percentage of total count
                 A         B        C        D         E       F
            +---------+---------+-------+---------+---------+-------
      Total |    3812 |    8554 |  69.2 |     151 |      47 |  23.7
            +---------+---------+-------+---------+---------+-------
        D:1 |      36 |       0 |   0.0 |      17 |       0 |   0.0
        D:2 |      52 |       8 |  13.3 |      18 |       4 |  18.2
        D:3 |     128 |      26 |  16.9 |      21 |       7 |  25.0
        D:4 |     352 |     676 |  65.8 |      18 |       5 |  21.7
        D:5 |     651 |     617 |  48.7 |      29 |       1 |   3.3
        D:6 |     566 |     274 |  32.6 |      17 |       1 |   5.6
        D:7 |    1164 |    6713 |  85.2 |      19 |      25 |  56.8
        D:8 |     863 |     240 |  21.8 |      12 |       4 |  25.0
            +---------+---------+-------+---------+---------+-------
